 Dungeon Crawl Stone Soup version 0.31.0-32-g396128a36d (webtiles) character file.

Game seed: 15490201654658017628

16578 Peloso the Carver (level 12, -10/106 HPs)
             Began as a Minotaur Fighter on Mar 17, 2024.
             Was an Elder of Okawaru.
             Mangled by a two-headed ogre
             ... wielding a +0 giant club of flaming
              (11 damage)
             ... in a volcano.
             The game lasted 00:25:12 (14121 turns).

Peloso the Carver (Minotaur Fighter)               Turns: 14121, Time: 00:25:14

Health: -10/106    AC: 19    Str: 23    XL:     12   Next: 11%
Magic:  10/12      EV: 11    Int:  3    God:    Okawaru [****..]
Gold:   777        SH:  8    Dex: 15    Spells: 11/11 levels left

rFire   + . .        a - +3 long sword
rCold   + . .        d - +0 buckler
rNeg    + + +        B - +0 plate armour
rPois   +            (helmet restricted)
rElec   +            (no cloak)
rCorr   +            u - +0 pair of gloves "Popococ" {rN+++ Str+2 Int-2 Stlth+}
SInv    .            (no boots)
Will    .....        (no amulet) Stlth
                     (no ring)
HPRegen 0.37/turn    (no ring)
MPRegen 0.13/turn

%: no passive effects
@: resistant, heroic
A: horns 2, retaliatory headbutt
a: Renounce Religion, Heroism, Finesse


You were in a volcano.
You worshipped Okawaru.
Okawaru was greatly pleased with you.
You visited 3 branches of the dungeon, and saw 13 of its levels.
You also visited: Volcano.

You collected 891 gold pieces.
You spent 114 gold pieces at shops.

Inventory:

Hand Weapons
 a - a +3 long sword (weapon)
 b - a +1 whip of flaming
Armour
 c - a +0 chain mail
 d - a +0 buckler (worn)
 u - the +0 pair of gloves "Popococ" (worn) {rN+++ Str+2 Int-2 Stlth+}
   (You found it on level 4 of the Dungeon)

   Str+2:     It affects your strength (+2).
   Int-2:     It affects your intelligence (-2).
   rN+++:     It renders you almost immune to negative energy.
   Stlth+:    It makes you more stealthy.
 B - a +0 plate armour (worn)
Jewellery
 f - a +5 ring of evasion
 p - a +5 ring of evasion
 A - a ring of magical power
Wands
 e - a wand of iceblast (1)
 z - a wand of paralysis (10)
 D - a wand of mindburst (21)
 E - a wand of polymorph (10)
 G - a wand of quicksilver (3)
Scrolls
 l - a scroll of acquirement
 m - a scroll of teleportation
 n - 2 scrolls of fear
 o - 2 scrolls of amnesia
 q - 3 scrolls of poison
 v - 2 scrolls of immolation
 x - a scroll of enchant weapon {unknown}
 y - a scroll of fog {unknown}
 C - 3 scrolls of blinking
 J - 2 scrolls of enchant armour {unknown}
Potions
 g - a potion of curing
 h - a potion of enlightenment
 i - 2 potions of mutation
 j - 2 potions of resistance
 k - 3 potions of magic {unknown}
 r - a potion of lignification {unknown}
 t - a potion of haste {unknown}
 w - a potion of brilliance {unknown}
 F - 2 potions of invisibility {unknown}
 I - 2 potions of cancellation {unknown}


   Skills:
 + Level 10.2(15.2) Fighting
 + Level 14.5(19.5) Long Blades
 + Level 12.7(17.7) Armour
 + Level 3.6(8.6) Dodging
 + Level 1.7(6.7) Stealth
 + Level 10.1(15.1) Shields
 + Level 1.5 Invocations
 + Level 1.2 Evocations


You had 11 spell levels left.
You didn't know any spells.
Your spell library contained the following spells:

 Spells                   Type           Power      Damage    Failure   Level
 Momentum Strike          Conj/Tloc      0%         3d8       100%        2
 Stone Arrow              Conj/Erth      0%         3d7       100%        3
 Vhi's Electric Charge    Tloc/Air       0%         N/A       100%        4
 Arcjolt                  Conj/Air       0%         1d10      100%        5
 Conjure Ball Lightning   Conj/Air       0%         3x3d6     100%        6
 Plasma Beam              Fire/Air       0%         2x1d10    100%        6
 Chain Lightning          Conj/Air       0%         N/A       100%        9


Dungeon Overview and Level Annotations

Branches:
Dungeon (10/15)            Temple (1/1) D:6            Lair (2/5) D:9
    Orc (0/2) D:10        Volcano (1/1)
  Swamp: Lair:2-3    Shoals: Lair:2-3     Snake: Lair:2-3    Spider: Lair:2-3

Altars:
Ashenzari
Cheibriados
Dithmenos
Elyvilon
Fedhas
Gozag
Hepliaklqana
Kikubaaqudgha
Makhleb
Nemelex Xobeh
Okawaru
Qazlal
Ru
Sif Muna
Trog
Vehumet
Wu Jian
Xom
Yredelemnul
Zin
The Shining One

Shops:
D:2 :   D:3 (   D:7 [:?   D:8 *

Annotations:
D:3 1 runed translucent door, Crazy Yiuf
D:10 Erolcha


Innate Abilities, Weirdness & Mutations

You have a pair of horns on your head.
You reflexively headbutt those who attack you in melee.


Message History

Items here: )))) †.
You hit something. You headbutt something.
Something hits you but does no damage.
Unknown command.
You closely miss something. You barely miss something. You headbutt something.
Something hits you.
* * * LOW HITPOINT WARNING * * *
You hit something. You headbutt something!
You feel like a meek peon again.
You hit something. You headbutt something!
Something hits you but does no damage.
You hit something. You completely miss something. You closely miss something.
Something hits you but does no damage.
You slash something! You barely miss something. Something hits you.
* * * LOW HITPOINT WARNING * * *
Something burns you.
* * * LOW HITPOINT WARNING * * *
You closely miss something.
You gain the combat prowess of a mighty hero.
Something hits you!
* * * LOW HITPOINT WARNING * * *
Something burns you.
* * * LOW HITPOINT WARNING * * *
You hit something. Something hits you but does no damage.
You slash something! You headbutt something! Okawaru is honoured by your kill.
Reactivating autopickup.
You feel a bit more experienced.
You block the two-headed ogre's attack. x2
You barely miss the two-headed ogre.
You headbutt the two-headed ogre, but do no damage.
You barely miss the two-headed ogre.
The two-headed ogre is no longer moving quickly.
The two-headed ogre hits you with a +0 giant club of flaming!
* * * LOW HITPOINT WARNING * * *
The two-headed ogre burns you.
* * * LOW HITPOINT WARNING * * *
The two-headed ogre hits you with a +0 giant club of flaming!
You die...

≈§≈≈≈≈≈≈≈≈≈≈≈≈§≈≈≈≈§§§§§§≈≈§§§§≈≈
§≈§§≈≈≈.≈≈...≈≈≈≈..≈≈§§≈§§≈≈§§§≈≈
≈≈§§§≈..................§.≈≈§§§§≈
≈≈§≈≈≈§.#################.≈§≈≈≈≈≈
§§§≈≈≈..# +.....+ #§§§§§≈§§
§≈≈≈≈≈≈.# .8_8. #.§≈≈≈≈≈§
§§≈§≈≈..# ... #..≈≈≈≈§§
≈§§§≈≈..###++###O###++###.§§≈≈≈§≈
≈≈≈§§≈≈§#......#@#......#.§≈§≈≈≈≈
≈≈≈≈≈≈..######.#.#.######§≈≈≈≈≈§§
§§≈≈≈≈≈.# #.# #.§≈≈§≈≈≈ §≈≈≈≈≈..#
#.# #.≈§≈≈≈§≈ §≈≈≈≈≈≈.# #.#
#..§≈§§§§ ≈≈≈≈§§..# #.# #..§§§≈≈§
≈≈≈§§≈§.########+########.≈≈≈≈≈≈§
≈≈≈§§≈§.§.....§.............≈≈...
≈≈≈§≈≈≈≈§.≈.≈§.≈≈§≈.≈.≈≈§≈§≈..≈≈≈


You could see a two-headed ogre.

Vanquished Creatures
  An ogre mage (Volcano)
  4 two-headed ogres
  Nergalle (D:10)
  Pikel (D:4)
  An elephant (D:9)
  A black mamba (Lair:2)
  9 cane toads
  3 komodo dragons
  A troll (D:9)
  2 polar bears
  3 hornets
  4 yaks (Lair:1)
  2 wyverns (D:9)
  2 fire bats (Volcano)
  2 steam dragons
  A basilisk (D:9)
  4 vampire mosquitoes (D:10)
  An acid dragon (D:9)
  5 water moccasins
  4 orc warriors
  3 sky beasts
  2 ice beasts
  A black bear (D:6)
  2 wolves
  An ogre (D:6)
  3 centaurs
  2 phantoms
  3 kobold brigands
  3 gnoll sergeants
  9 bullfrogs
  2 scorpions
  10 wights
  8 howler monkeys
  2 bombardier beetles (D:5)
  5 lava snakes (Volcano)
  4 hounds
  An orc priest (D:7)
  A gnoll bouda (D:7)
  2 jellies
  A sleepcap (D:4)
  An iguana (D:6)
  11 orc wizards
  15 gnolls
  5 adders
  A shadow imp (D:6)
  4 white imps
  2 dart slugs
  3 ribbon worms
  61 orcs
  7 ball pythons
  5 endoplasms
  5 giant cockroaches
  9 goblins
  8 hobgoblins
  12 jackals
  5 quokkas
  9 bats
  7 frilled lizards
  2 goblin skeletons (D:3)
  2 goblin zombies (D:3)
  3 hobgoblin zombies (D:3)
  19 kobolds
  A kobold skeleton (D:3)
  An orc skeleton (D:3)
  2 rats
  A butterfly (Lair:2)
318 creatures vanquished.

Vanquished Creatures (others)
  A human (D:10)
1 creature vanquished.

Grand Total: 319 creatures vanquished

Notes
Turn   | Place    | Note
-------+----------+-------------------------------------------
     0 | D:1      | Peloso the Minotaur Fighter began the quest for the Orb.
     0 | D:1      | Reached XP level 1. HP: 19/19 MP: 0/0
   127 | D:1      | Reached XP level 2. HP: 25/27 MP: 1/1
   566 | D:1      | Reached skill level 3 in Long Blades
   566 | D:1      | Reached XP level 3. HP: 30/33 MP: 2/2
   841 | D:1      | Identified a scroll of acquirement
  1142 | D:2      | Reached XP level 4. HP: 31/37 MP: 3/3
  1396 | D:2      | Found Lidef's Book Shop.
  1465 | D:2      | Found a faded altar of an unknown god.
  1754 | D:3      | Found a basalt altar of Yredelemnul.
  1784 | D:3      | Identified the +1 leather armour of Restlessness {rPois rN+
                  | Dex+4}
  1833 | D:3      | Found Utuonaly's Antique Weapon Emporium.
  1931 | D:3      | Reached skill level 4 in Long Blades
  2066 | D:3      | Found an ornate altar of the Wu Jian Council.
  2109 | D:3      | Found a glowing golden altar of the Shining One.
  2130 | D:3      | Reached XP level 5. HP: 46/46 MP: 4/4
  2285 | D:3      | Found a runed translucent door.
  2286 | D:3      | Noticed Crazy Yiuf
  2367 | D:3      | Found a hazy altar of Hepliaklqana.
  2637 | D:4      | Found a shadowy altar of Dithmenos.
  2705 | D:4      | Noticed a phantom
  2714 | D:4      | Killed a phantom
  2715 | D:4      | Reached skill level 5 in Armour
  2715 | D:4      | Reached skill level 1 in Dodging
  2754 | D:4      | You fall into a shaft and drop 2 floors!
  2760 | D:5      | Entered Level 5 of the Dungeon
  2765 | D:5      | Reached XP level 6. HP: 53/53 MP: 5/5
  2852 | D:5      | Noticed an ice beast
  2865 | D:5      | Killed an ice beast
  2866 | D:5      | Reached skill level 5 in Long Blades
  2866 | D:5      | Reached skill level 5 in Shields
  3014 | D:4      | Identified the +0 pair of gloves "Popococ" {rN+++ Str+2
                  | Int-2 Stlth+}
  3108 | D:4      | Reached skill level 6 in Long Blades
  3117 | D:4      | Noticed Pikel
  3141 | D:4      | Killed Pikel
  3142 | D:4      | Reached skill level 5 in Fighting
  3142 | D:4      | Reached skill level 7 in Long Blades
  3142 | D:4      | Reached XP level 7. HP: 44/61 MP: 6/6
  3292 | D:4      | Reached XP level 8. HP: 62/69 MP: 7/7
  3771 | D:5      | Reached skill level 8 in Long Blades
  4147 | D:5      | Found a radiant altar of Vehumet.
  4331 | D:5      | Found a shimmering blue altar of Sif Muna.
  4863 | D:6      | Noticed a two-headed ogre
  4875 | D:6      | Killed a two-headed ogre
  4876 | D:6      | Reached skill level 10 in Long Blades
  4876 | D:6      | Reached XP level 9. HP: 25/78 MP: 8/8
  5171 | D:6      | Found a staircase to the Ecumenical Temple.
  5189 | Temple   | Entered the Ecumenical Temple
  5194 | Temple   | Became a worshipper of Warmaster Okawaru
  5872 | D:7      | Got the Compilation of Kinetic Energy
  5894 | D:7      | Found Gefun's Book Shoppe.
  6081 | D:7      | Found Quopsoc's Magic Scroll Shoppe.
  6089 | D:7      | Bought a scroll of blinking for 90 gold pieces
  6089 | D:7      | Bought a scroll of identify for 24 gold pieces
  6106 | D:7      | Found a shimmering altar of Xom.
  6258 | D:7      | Found Pul Ken's Book Shop.
  6339 | D:7      | Found Ocung's Armour Boutique.
  6452 | D:7      | Reached skill level 11 in Long Blades
  6786 | D:7      | Found a sacrificial altar of Ru.
  6968 | D:8      | Found Emyab's Fire Supplies.
  6983 | D:8      | Reached * piety under Okawaru
  6984 | D:8      | Reached skill level 1 in Stealth
  7263 | D:8      | Reached XP level 10. HP: 78/86 MP: 9/9
  7704 | D:8      | Found a broken altar of Ashenzari.
  8202 | D:9      | Reached ** piety under Okawaru
  8277 | D:9      | Found a bloodstained altar of Trog.
  8339 | D:9      | Reached skill level 12 in Long Blades
  8485 | D:9      | Found a staircase to the Lair.
  8485 | D:9      | Noticed an elephant
  8518 | D:9      | Reached skill level 10 in Armour
  8883 | D:9      | Found a glowing silver altar of Zin.
  8892 | D:9      | Found a snail-covered altar of Cheibriados.
  9105 | D:9      | Killed an elephant
  9810 | D:10     | Entered Level 10 of the Dungeon
  9847 | D:10     | Noticed Nergalle
  9869 | D:10     | Killed Nergalle
  9870 | D:10     | Reached skill level 1 in Evocations
 10148 | D:10     | Found a staircase to the Orcish Mines.
 10287 | D:10     | Reached *** piety under Okawaru
 10320 | D:10     | Noticed a two-headed ogre
 10348 | D:10     | Killed a two-headed ogre
 10349 | D:10     | Reached skill level 13 in Long Blades
 10349 | D:10     | Reached XP level 11. HP: 57/95 MP: 7/10
 10532 | D:10     | Found an ancient bone altar of Kikubaaqudgha.
 10682 | D:10     | Noticed Erolcha
 10809 | Lair:1   | Entered Level 1 of the Lair of Beasts
 11259 | D:9      | Reached skill level 1 in Invocations
 11603 | Lair:1   | Reached **** piety under Okawaru
 12328 | Lair:1   | Reached skill level 14 in Long Blades
 13012 | Lair:2   | Found a dark tunnel.
 13037 | Lair:2   | Noticed a lindwurm
 13046 | Volcano  | Entered a volcano
 14085 | Volcano  | Found a burning altar of Makhleb.
 14085 | Volcano  | Noticed a two-headed ogre
 14085 | Volcano  | Noticed an ogre mage
 14085 | Volcano  | Noticed a two-headed ogre
 14085 | Volcano  | Noticed a two-headed ogre
 14098 | Volcano  | Killed a two-headed ogre
 14099 | Volcano  | Reached skill level 10 in Fighting
 14099 | Volcano  | Reached XP level 12. HP: 46/106 MP: 10/12
 14103 | Volcano  | Killed a two-headed ogre
 14104 | Volcano  | Reached skill level 10 in Shields
 14119 | Volcano  | Killed an ogre mage
 14121 | Volcano  | HP: 3/106 [two-headed ogre/+0 giant club of flaming (17)]
 14121 | Volcano  | HP: 1/106 [two-headed ogre/+0 giant club of flaming (2)]
 14121 | Volcano  | Mangled by a two-headed ogre

Illustrated notes

Levels and vault maps discovered:
D:1:      dpeg_arrival_round_b, layout_basic, grunt_decor_cap,
          grunt_decor_resistance, chequers_serial_rivers_large_b
D:2:      layout_basic, nicolae_ecumenical_lake_church, serial_shops,
          nicolae_shop_statue_plus, minmay_pentomino_t4
D:3:      layout_loops_cross, lemuel_crystal_altar,
          worldfamousw_hep_ancestral_shrine, nicolae_overflow_crystal_walls,
          nicolae_tso_besieged_by_evil, serial_shops,
          nicolae_shop_window_shopping, uniq_crazy_yiuf_cottage
D:4:      layout_loops_ring, mainiacjoe_overflow_catwalk, uniq_pikel
D:5:      layout_loops_corners, hellmonk_sif_muna_bookshelves, vehumet_crystals
D:6:      layout_gridville, minmay_temple_entry_statues_fountains
D:7:      layout_loops_ring, mainiacjoe_overflow_small_starburst,
          lemuel_coloured_pillars_altar, serial_shops,
          nicolae_shop_behind_doors, shop, shop, shop
D:8:      layout_loops_ring, lemuel_crystal_altar, nicolae_shop_fire_sale
          [nicolae_sub_dead_trees]
D:9:      layout_basic, mainiacjoe_overflow_swirl, mainiacjoe_overflow_brackets,
          david_lair_generic
D:10:     layout_basic, mainiacjoe_overflow_alcove_2, tgw_kikubaaqudgha,
          hiddenorc2_lemuel, uniq_erolcha, uniq_nergalle
Temple:   nicolae_temple_ecumenical_triangle
Lair:1:   layout_loops_ring, beast_lair_carwin_4, grunt_megastairs_5
Lair:2:   layout_hall_layers, nicolae_volcano_entry_vermiform, st_stairs_7,
          serial_bayou_shore_a, lemuel_fruit_fields, uniq_amaemon
Volcano:  volcano_lake [vl_original]

Skill      XL: |  1  2  3  4  5  6  7  8  9 10 11 12 |
---------------+-------------------------------------+-----
Shields        | 4 5 6 7 8 9 10 | 10.1
Armour         | 4 5 6 7 9 10 12 | 12.7
Long Blades    | 3 4 7 10 11 13 14 | 14.5
Fighting       | 4 5 6 7 8 10 | 10.2
Dodging        | 1 2 3 |  3.6
Stealth        | 1 |  1.7
Evocations     | 1 |  1.2
Invocations    | 1 |  1.5

Action                     |  1- 3 |  4- 6 |  7- 9 | 10-12 || total
---------------------------+-------+-------+-------+-------++-------
  Melee: Long sword        |    96 |   176 |   299 |   564 ||  1135
         Headbutt          |    13 |    23 |    62 |   142 ||   240
 Invoke: Heroism           |       |       |       |    13 ||    13
  Evoke: Wand              |       |       |     2 |     8 ||    10
    Use: Scroll            |     2 |       |     5 |    11 ||    18
         Potion            |     1 |       |     3 |     6 ||    10
   Stab: Paralysed         |       |       |     3 |       ||     3
 Armour: Scale mail        |    24 |       |       |       ||    24
         Chain mail        |    59 |   126 |   110 |       ||   295
         Plate armour      |       |       |   151 |   429 ||   580
         Skin              |       |       |       |     7 ||     7
  Dodge: Dodged            |    58 |    63 |   111 |   168 ||   400
  Block: Buckler           |    35 |    37 |    78 |   166 ||   316
